 Dungeon Sprint DCSS version 0.17.0-27-g4a3f43e (webtiles) character file.

518763 oplop the Axe Maniac (level 19, 207/207 HPs)
             Began as a Minotaur Fighter on Nov 21, 2015.
             Was the Champion of Makhleb.
             Escaped with the Orb!
             The game lasted 00:32:59 (2149 turns).

oplop the Axe Maniac (Minotaur Fighter)             Turns: 2149, Time: 00:32:59

Health: 207/207    AC: 49    Str: 34    XL:     19   Next: 99%
Magic:  35/35      EV: 23    Int:  9    God:    Makhleb [******]
Gold:   0          SH: 38    Dex: 18    Spells: 0 memorised, 18 levels left

rFire  + + .     SeeInvis +     N - +14 obsidian axe {chop, +Fly Str+3 SInv *Curse} (curse)
rCold  + . .     Clarity  +     L - +15 Maxwell's patent armour {-Cast -Tele rElec MR+ rCorr}
rNeg   + + +     SustAt   .     M - +18 shield of the gong {rElec rN+ MR+ EV-5}
rPois  +         Gourm    .     X - +1 hat
rElec  +         Spirit   .     b - +5 cloak "Eferch" {rElec rCorr}
rCorr  +         Warding  .     V - +2 pair of gloves of Juoxt {rPois rN+ Dex+3 Stlth-}
rMut   .         NoTele   +     (no boots)
MR     +++..     NoCast   +     S - amulet of Xoeg {Clar rF+ Stlth+}
Stlth  ..........               W - ring of the Tempest {rF+ rN+ Str+4 Stlth+}
                                Y - ring of Edosch {rC+ Str+3 Int+4 SInv}

@: extremely resistant to hostile enchantments, extremely unstealthy
A: retaliatory headbutt, horns 2
a: Minor Destruction, Lesser Servant of Makhleb, Major Destruction, Greater
Servant of Makhleb, Renounce Religion, Evoke Flight
0: Orb of Zot


You escaped.
You worshipped Makhleb.
Makhleb was exalted by your worship.
You were not hungry.

You visited 1 branch

Inventory:

Hand Weapons
 N - the cursed +14 obsidian axe (weapon) {chop, +Fly Str+3 SInv *Curse}
   (You found it in the Dungeon)

   It inflicts extra damage upon your enemies.
   It affects your strength (+3).
   It lets you see invisible.
   It lets you fly.
   It may re-curse itself when equipped.
   It has a curse placed upon it.
Armour
 b - the +5 cloak "Eferch" (worn) {rElec rCorr}
   (You found it in the Dungeon)

   It insulates you from electricity.
   It protects you from acid and corrosion.
 L - the +15 Maxwell's patent armour (worn) {-Cast -Tele rElec MR+ rCorr}
   (You found it in the Dungeon)

   It insulates you from electricity.
   It affects your resistance to hostile enchantments.
   It prevents spellcasting.
   It prevents most forms of teleportation.
   It protects you from acid and corrosion.
 M - the +18 shield of the gong (worn) {rElec rN+ MR+ EV-5}
   (You found it in the Dungeon)

   It affects your evasion (-5).
   It insulates you from electricity.
   It protects you from negative energy.
   It affects your resistance to hostile enchantments.
 V - the +2 pair of gloves of Juoxt (worn) {rPois rN+ Dex+3 Stlth-}
   (You found it in the Dungeon)

   It affects your dexterity (+3).
   It protects you from poison.
   It protects you from negative energy.
   It makes you less stealthy.
 X - a +1 hat (worn)
Rods
 J - a +4 rod of shadows (13/13)
   (You found it in the Dungeon)
Jewellery
 c - the ring of Shadows {Umbra +Inv rN+ SInv}
   (You took it off a wight in the Dungeon)

   [ring of invisibility]

   It protects you from negative energy.
   It lets you see invisible.
   It lets you turn invisible.
 y - a +6 ring of dexterity
 A - a +6 ring of dexterity
 B - the ring of the Iron Devil {rF+ MR+}
   (You took it off a vampire in the Dungeon)

   [ring of protection from magic]

   It protects you from fire.
   It affects your resistance to hostile enchantments.
 C - the ring of Qaemoxe {rC+++ MR- Stlth+}
   (You found it in the Dungeon)

   [ring of stealth]

   It renders you almost immune to cold.
   It affects your resistance to hostile enchantments.
   It makes you more stealthy.
 D - a +6 ring of strength
 E - a +6 ring of strength
 O - a +5 ring of evasion
 P - a +3 ring of protection
 S - the amulet of Xoeg (around neck) {Clar rF+ Stlth+}
   (You found it in the Dungeon)

   [amulet of clarity]

   It provides mental clarity.
   It protects you from fire.
   It makes you more stealthy.
 W - the ring of the Tempest (right hand) {rF+ rN+ Str+4 Stlth+}
   (You found it in the Dungeon)

   [ring of positive energy]

   It affects your strength (+4).
   It protects you from fire.
   It protects you from negative energy.
   It makes you more stealthy.
 Y - the ring of Edosch (left hand) {rC+ Str+3 Int+4 SInv}
   (You found it in the Dungeon)

   [ring of strength]

   It affects your strength (+3).
   It affects your intelligence (+4).
   It protects you from cold.
   It lets you see invisible.
Wands
 F - a wand of disintegration (7)
 G - a wand of fire (5)
 H - a wand of cold (5)
 I - a wand of draining (5)
Scrolls
 k - 4 scrolls of blinking
 q - 4 scrolls of amnesia
 r - 3 scrolls of recharging
 s - 6 scrolls of fog
 t - 2 scrolls of holy word
 u - 5 scrolls of identify
 v - 5 scrolls of remove curse
 w - 2 scrolls of fear
 Q - 2 scrolls of brand weapon
 U - 4 scrolls of enchant armour
Potions
 d - 6 potions of might
 f - 9 potions of curing
 g - 12 potions of heal wounds
 h - 8 potions of haste
 i - 8 potions of magic
 j - a potion of berserk rage
 l - 2 potions of brilliance
 m - 2 potions of invisibility
 n - 4 potions of resistance
 p - 8 potions of agility
Miscellaneous
 a - 4 phantom mirrors
 o - a fan of gales
 K - a disc of storms
 R - a sack of spiders {used: 2}
 T - a box of beasts {used: 1}
Comestibles
 e - 5 bread rations
 x - 42 fruits
 z - 2 meat rations
 Z - 3 royal jellies


   Skills:
 O Level 27 Fighting
 O Level 27 Axes
 + Level 21.2 Throwing
 O Level 27 Armour
 O Level 27 Dodging
 O Level 27 Shields
 O Level 27 Invocations
 O Level 27 Evocations


You had 18 spell levels left.
You didn't know any spells.

Dungeon Overview and Level Annotations

Branches:
Dungeon (1/1)

Altars:
Ashenzari
Cheibriados
Dithmenos
Elyvilon
Fedhas
Gozag
Kikubaaqudgha
Makhleb
Nemelex Xobeh
Okawaru
Qazlal
Ru
Sif Muna
Trog
Vehumet
Xom
Yredelemnul
Zin
The Shining One
Beogh
Jiyva
Lugonu


Innate Abilities, Weirdness & Mutations

You reflexively headbutt those who attack you in melee.
You have a pair of horns on your head.


Message History

You see here a book of Party Tricks.
Found a fan of gales, an uncursed staff of energy and a short sword.
You see here the +8 shortbow of Departure {venom, Str+4}.
You see here a cursed amulet of inaccuracy.
You see here a book of Callings.
You swap places.
You see here a cursed amulet of inaccuracy.
You see here the +8 shortbow of Departure {venom, Str+4}.
You see here a Young Poisoner's Handbook.
An exit appears before you!
Your surroundings seem different!
Found the Orb of Zot.
Found a staircase leading out of the dungeon.
Unknown command.
Unknown command.
You see here the Orb of Zot.
You pick up the Orb of Zot!
The Orb lets out a hideous shriek!
The lords of Pandemonium are not amused.
Beware!
Now all you have to do is get back out of the dungeon!
There is a staircase leading out of the dungeon here.
You have escaped!

.†..........▓..▓..)))..▓..▓...8©8
))).........▓.▓▓▓.)().▓▓▓.▓..:[)|
†()†........▓..▓..[....▓..▓..=[3}
.)).........▓.............▓......
.(..........▓...(.........▓......
(...........▓▓▓▓▓▓▓▓▓▓▓▓▓▓▓...)).
▓.......▓...▓8888888888888▓....).
▓▓.....▓▓ .▓8...........8▓..▓...
▓.......▓...▓8..@........8▓.▓....
............▓8..§§.......8▓......
............▓8888888888888▓▓▓▓▓▓▓
▓▓▓▓▓▓▓▓▓▓▓▓▓▓▓▓▓▓▓▓▓▓▓▓▓▓▓▓▓▓▓▓▓
.....8©8........▓........8©8.....
:.:|4.4.:}:)}||.▓.=[:::|?3:}):.)|
)=.|..3}}[.)[:).▓.)}[))[[::=))[).
.|[.).).").=[:".▓.=:|)}))})))}}))
..........≈.....▓.......}):[?....


There were no monsters in sight!

Vanquished Creatures
  2 shard shrikes (shapeshifter) (D)
  Rupert (D)
  15 deep elf blademasters (D)
  3 titans (D)
  An acid blob (shapeshifter) (D)
  2 acid blobs (D)
  A Shadow Fiend (D)
  10 quicksilver dragons (D)
  4 krakens (D)
  17 deep elf master archers (D)
  Polyphemus (D)
  A shadow dragon (shapeshifter) (D)
  A sphinx (shapeshifter) (D)
  Agnes (D)
  2 tentacled starspawn (D)
  2 shadow dragons (D)
  2 draconian monks (D)
  Roxanne (D)
  An azure jelly (D)
  4 frost giants (D)
  5 fire giants (D)
  16 deep elf sorcerers (D)
  Maud (D)
  6 iron dragons (D)
  2 iron dragons (shapeshifter) (D)
  Louise (D)
  A draconian scorcher (D)
  A reaper (D)
  3 ghouls (D)
  A balrug (D)
  14 stone giants (D)
  A stone giant (shapeshifter) (D)
  A draconian annihilator (D)
  3 draconian callers (D)
  A green draconian (D)
  16 deep elf annihilators (D)
  A deep elf demonologist (D)
  2 white draconians (D)
  6 black draconians (D)
  A mottled draconian (D)
  2 red draconians (D)
  2 yellow draconians (D)
  A dire elephant (D)
  2 purple draconians (D)
  An ettin (shapeshifter) (D)
  A death ooze (D)
  An eidolon (D)
  9 crystal guardians (D)
  Snorg (D)
  A minotaur (shapeshifter) (D)
  4 ettins (D)
  2 fire dragons (D)
  20 deep elf high priests (D)
  2 spriggan air magi (D)
  5 ice dragons (D)
  A hydra (D)
  An ice dragon (shapeshifter) (D)
  Harold (D)
  A fire dragon (shapeshifter) (D)
  A great orb of eyes (D)
  3 yaktaur captains (D)
  3 centaur warriors (D)
  A satyr (D)
  An anaconda (D)
  A death yak (shapeshifter) (D)
  2 hell hogs (D)
  2 spriggan berserkers (D)
  7 soul eaters (D)
  A thrashing horror (D)
  A hell knight (D)
  7 iron golems (D)
  2 skeletal warriors (D)
  8 small abominations (D)
  A shock serpent (shapeshifter) (D)
  A sea snake (shapeshifter) (D)
  7 deep elf knights (D)
  A giant orange brain (shapeshifter) (D)
  A death drake (D)
  A spriggan druid (D)
  2 swamp dragons (D)
  10 deep elf summoners (D)
  A swamp dragon (shapeshifter) (D)
  A death drake (shapeshifter) (D)
  4 hill giants (D)
  A shambling mangrove (D)
  A flayed ghost (D)
  A shadow demon (D)
  An orb spider (D)
  12 deep elf conjurers (D)
  2 wolf spiders (D)
  2 hornets (D)
  An ugly thing (D)
  An orc sorcerer (D)
  A mana viper (shapeshifter) (D)
  A hornet (shapeshifter) (D)
  An apocalypse crab (D)
  2 shining eyes (shapeshifter) (D)
  2 manticores (shapeshifter) (D)
  7 cyclopes (D)
  An octopode (shapeshifter) (D)
  A faun (shapeshifter) (D)
  A cyclops (shapeshifter) (D)
  Joseph (D)
  A torpor snail (shapeshifter) (D)
  2 black mambas (shapeshifter) (D)
  Psyche (D)
  A spiny frog (shapeshifter) (D)
  A demonic crawler (D)
  3 gargoyles (D)
  A smoke demon (D)
  2 yaktaurs (D)
  2 dryads (D)
  An efreet (D)
  3 deep elf priests (D)
  A komodo dragon (shapeshifter) (D)
  2 tormentors (D)
  A fire drake (D)
  2 trolls (shapeshifter) (D)
  A fire drake (shapeshifter) (D)
  3 jumping spiders (D)
  A jumping spider (shapeshifter) (D)
  A merfolk (shapeshifter) (D)
  3 polar bears (shapeshifter) (D)
  A raiju (D)
  5 slime creatures (D)
  A flying skull (D)
  2 shadows (D)
  A trapdoor spider (D)
  A blink frog (shapeshifter) (D)
  9 deep elf magi (D)
  A tarantella (D)
  A tarantella (shapeshifter) (D)
  4 starcursed masses (D)
  A vampire (D)
  14 deep elf fighters (D)
  A wraith (D)
  5 large abominations (D)
  A redback (D)
  A wyvern (D)
  A fire elemental (D)
  A wolf (shapeshifter) (D)
  A hippogriff (shapeshifter) (D)
  A steam dragon (D)
  A golden eye (D)
  A wolf (D)
  A hog (shapeshifter) (D)
  3 hell hounds (D)
  A mottled dragon (D)
  3 orc warriors (D)
  A spider (D)
  2 necrophages (D)
  3 phantoms (D)
  2 wasps (D)
  5 centaurs (D)
  A black bear (shapeshifter) (D)
  A giant frog (shapeshifter) (D)
  9 earth elementals (D)
  3 scorpions (D)
  A scorpion (shapeshifter) (D)
  3 wights (D)
  3 quasits (D)
  2 crimson imps (D)
  Crazy Yiuf (D)
  7 orc priests (D)
  2 iron imps (D)
  2 orc wizards (D)
  A mummy (D)
  2 white imps (D)
  2 ufetubi (D)
  3 oozes (D)
  2 adder zombies (D)
  4 adder skeletons (D)
  An orc (D)
  4 bat skeletons (D)
  3 bat zombies (D)
  A ball python skeleton (D)
  2 giant cockroach zombies (D)
  2 giant gecko zombies (D)
  2 quokka skeletons (D)
  2 quokka zombies (D)
  9 crawling corpses (D)
  A fire vortex (D)
  14 tentacles (D)
  3 tentacle segments (D)
525 creatures vanquished.

Vanquished Creatures (collateral kills)
  A titan (shapeshifter) (D)
  2 krakens (D)
  Frances (D)
  A shadow dragon (D)
  A frost giant (D)
  Aizul (D)
  A stone giant (D)
  2 deep elf annihilators (D)
  A yellow draconian (D)
  A purple draconian (D)
  An ettin (D)
  2 deep elf high priests (D)
  An entropy weaver (shapeshifter) (D)
  A small abomination (D)
  Nergalle (D)
  A fire crab (shapeshifter) (D)
  A deep elf summoner (D)
  A wolf spider (D)
  A wolf spider (shapeshifter) (D)
  A cyclops (D)
  2 red devils (D)
  A deep elf mage (D)
  Grum (D)
  A steam dragon (D)
  2 deep elf fighters (D)
  A giant frog (shapeshifter) (D)
  A wight (D)
  A scorpion (D)
  A giant gecko zombie (D)
  A butterfly (D)
  A crawling corpse (D)
  4 tentacles (D)
  A tentacle segment (D)
41 creatures vanquished.

Vanquished Creatures (others)
  A titan (D)
  A deep elf blademaster (D)
  A crystal guardian (D)
  4 starspawn tentacles (D)
  48 tentacles (D)
  1311 tentacle segments (D)
1366 creatures vanquished.

Grand Total: 1932 creatures vanquished

Notes
Turn   | Place    | Note
--------------------------------------------------------------
     0 | D        | oplop the Minotaur Fighter began the quest for the Orb.
     0 | D        | Reached XP level 1. HP: 19/19 MP: 0/0
     0 | D        | Found a roughly hewn altar of Beogh.
     0 | D        | Found a corrupted altar of Lugonu.
     0 | D        | Found a viscous altar of Jiyva.
     0 | D        | Found a white marble altar of Elyvilon.
     0 | D        | Found a sparkling altar of Nemelex Xobeh.
     0 | D        | Found a burning altar of Makhleb.
     0 | D        | Found an iron altar of Okawaru.
     0 | D        | Found a deep blue altar of Sif Muna.
     0 | D        | Found a radiant altar of Vehumet.
     0 | D        | Found a bloodstained altar of Trog.
     0 | D        | Found a shimmering altar of Xom.
    50 | D        | Became a worshipper of Makhleb the Destroyer
    96 | D        | Reached skill level 9 in Axes
    96 | D        | Reached XP level 2. HP: 26/26 MP: 1/1
   101 | D        | Entered arena 1.
   101 | D        | Noticed a cyan ugly thing
   101 | D        | Noticed a wolf
   106 | D        | Killed a cyan ugly thing
   106 | D        | Reached skill level 11 in Axes
   106 | D        | Reached XP level 3. HP: 41/41 MP: 2/2
   106 | D        | Reached XP level 4. HP: 49/49 MP: 3/3
   106 | D        | Reached XP level 5. HP: 55/55 MP: 4/4
   106 | D        | Reached XP level 6. HP: 62/62 MP: 5/5
   107 | D        | Killed a wolf
   107 | D        | Reached * piety under Makhleb
   107 | D        | Reached skill level 12 in Axes
   107 | D        | Reached XP level 7. HP: 69/69 MP: 6/6
   198 | D        | Entered arena 2.
   198 | D        | Noticed a phantom
   198 | D        | Noticed a phantom
   198 | D        | Noticed a wight
   202 | D        | Killed a wight
   202 | D        | Reached skill level 1 in Invocations
   202 | D        | Killed a phantom
   203 | D        | Killed a phantom
   203 | D        | Reached ** piety under Makhleb
   225 | D        | Entered arena 3.
   225 | D        | Noticed a wight
   225 | D        | Noticed a phantom
   225 | D        | Noticed a wight
   229 | D        | Killed a wight
   231 | D        | Killed a phantom
   232 | D        | Killed a wight
   232 | D        | Reached *** piety under Makhleb
   237 | D        | Got the amulet "Plog" {+Rage rElec rC- Int+4}
   247 | D        | Entered arena 4.
   247 | D        | Noticed an iron imp
   247 | D        | Noticed an apocalypse crab
   247 | D        | Noticed a crimson imp
   249 | D        | Killed a crimson imp
   249 | D        | Reached skill level 10 in Fighting
   253 | D        | Killed an iron imp
   253 | D        | Reached skill level 10 in Shields
   254 | D        | Killed an apocalypse crab
   254 | D        | Reached **** piety under Makhleb
   254 | D        | Reached skill level 13 in Axes
   254 | D        | Reached skill level 10 in Armour
   254 | D        | Reached XP level 8. HP: 43/80 MP: 8/10
   434 | D        | Entered arena 5.
   434 | D        | Noticed a quasit
   434 | D        | Noticed a starcursed mass
   434 | D        | Noticed a tentacled starspawn
   434 | D        | Noticed a smoke demon
   434 | D        | Noticed a crimson imp
   436 | D        | Killed a crimson imp
   437 | D        | Killed a quasit
   440 | D        | Killed a smoke demon
   440 | D        | Reached skill level 5 in Invocations
   443 | D        | Killed a starcursed mass
   443 | D        | Reached XP level 9. HP: 89/89 MP: 10/12
   444 | D        | Killed a tentacled starspawn
   444 | D        | Reached skill level 14 in Axes
   445 | D        | Killed a starcursed mass
   448 | D        | Killed a starcursed mass
   448 | D        | Reached XP level 10. HP: 100/100 MP: 10/15
   451 | D        | Killed a starcursed mass
   470 | D        | Entered arena 6.
   470 | D        | Noticed an orc priest
   470 | D        | Noticed an orc wizard
   470 | D        | Noticed an orc priest
   470 | D        | Noticed an orc warrior
   470 | D        | Noticed an orc priest
   474 | D        | Killed an orc priest
   474 | D        | Reached ***** piety under Makhleb
   474 | D        | Killed an orc priest
   475 | D        | Killed an orc warrior
   475 | D        | Killed an orc priest
   475 | D        | Killed an orc wizard
   500 | D        | Entered arena 7.
   500 | D        | Noticed a hell hound
   500 | D        | Noticed a hell hog
   500 | D        | Noticed a fire elemental
   500 | D        | Noticed a hell hound
   500 | D        | Noticed an efreet
   504 | D        | Killed a hell hound
   504 | D        | Reached skill level 15 in Axes
   509 | D        | Killed a fire elemental
   509 | D        | Killed a hell hog
   509 | D        | Killed a hell hound
   513 | D        | Killed an efreet
   606 | D        | Entered arena 8.
   606 | D        | Noticed an orc warrior
   606 | D        | Noticed an orc priest
   606 | D        | Noticed an orc priest
   606 | D        | Noticed an orc priest
   606 | D        | Noticed an orc warrior
   606 | D        | Noticed an orc priest
   606 | D        | Noticed an orc wizard
   609 | D        | Killed an orc priest
   609 | D        | Reached ****** piety under Makhleb
   612 | D        | Killed an orc warrior
   612 | D        | Killed an orc priest
   612 | D        | Killed an orc wizard
   613 | D        | Killed an orc priest
   618 | D        | Killed an orc warrior
   620 | D        | Killed an orc priest
   629 | D        | Entered arena 9.
   629 | D        | Noticed a wolf spider
   629 | D        | Noticed a wolf spider
   629 | D        | Noticed a scorpion
   629 | D        | Noticed a scorpion
   629 | D        | Noticed a tarantella
   629 | D        | Noticed a scorpion
   629 | D        | Noticed a scorpion
   629 | D        | Noticed a redback
   632 | D        | Killed a redback
   633 | D        | Killed a tarantella
   635 | D        | Killed a wolf spider
   636 | D        | Killed a scorpion
   637 | D        | Killed a scorpion
   637 | D        | Killed a wolf spider
   638 | D        | Killed a scorpion
   639 | D        | Killed a scorpion
   646 | D        | Got the ring of the Tempest {rF+ rN+ Str+4 Stlth+}
   659 | D        | Entered arena 10.
   659 | D        | Noticed a deep elf conjurer
   659 | D        | Noticed a deep elf demonologist
   659 | D        | Noticed a deep elf high priest
   659 | D        | Noticed a deep elf mage
   659 | D        | Noticed a deep elf knight
   659 | D        | Noticed a deep elf knight
   659 | D        | Noticed a deep elf summoner
   659 | D        | Noticed a deep elf fighter
   659 | D        | Noticed a deep elf knight
   660 | D        | Noticed a sun demon
   661 | D        | Noticed a blizzard demon
   662 | D        | Noticed a rust devil
   664 | D        | Noticed a cacodemon
   664 | D        | Killed a deep elf summoner
   666 | D        | Noticed a Hell Sentinel
   667 | D        | Killed a deep elf fighter
   667 | D        | Reached skill level 16 in Axes
   668 | D        | Killed a deep elf conjurer
   668 | D        | Reached skill level 10 in Invocations
   668 | D        | Reached XP level 11. HP: 94/111 MP: 17/17
   668 | D        | Killed a deep elf knight
   669 | D        | Killed a deep elf high priest
   671 | D        | Killed a deep elf demonologist
   671 | D        | Reached skill level 15 in Fighting
   671 | D        | Reached skill level 15 in Armour
   672 | D        | Killed a deep elf knight
   672 | D        | Reached skill level 15 in Shields
   674 | D        | Killed a deep elf mage
   679 | D        | Killed a deep elf knight
   684 | D        | Entered arena 11.
   684 | D        | Noticed a demonic crawler
   684 | D        | Noticed an orb spider
   684 | D        | Noticed a jumping spider
   684 | D        | Noticed a wolf spider
   684 | D        | Noticed a spider
   685 | D        | Noticed a jumping spider
   685 | D        | Noticed a wasp
   685 | D        | Noticed a wasp
   685 | D        | Noticed a jumping spider
   687 | D        | Killed a spider
   688 | D        | Killed a wolf spider
   689 | D        | Killed a wasp
   689 | D        | Killed a jumping spider
   689 | D        | Reached skill level 17 in Axes
   691 | D        | Killed a wasp
   693 | D        | Killed a demonic crawler
   693 | D        | Killed a jumping spider
   697 | D        | Killed an orb spider
   698 | D        | Killed a jumping spider
   709 | D        | Noticed a trapdoor spider
   711 | D        | Killed a trapdoor spider
   729 | D        | Got the ring of Edosch {rC+ Str+3 Int+4 SInv}
   732 | D        | Entered arena 12.
   732 | D        | Noticed a skeletal warrior
   732 | D        | Noticed a necrophage
   732 | D        | Noticed a hell hog
   733 | D        | Noticed a red devil
   733 | D        | Noticed a tormentor
   733 | D        | Noticed a red devil
   733 | D        | Noticed a wraith
   736 | D        | Killed a hell hog
   736 | D        | Reached skill level 1 in Dodging
   739 | D        | Killed a skeletal warrior
   741 | D        | Killed a necrophage
   742 | D        | Killed a tormentor
   744 | D        | Killed a wraith
   748 | D        | Killed a red devil
   748 | D        | Reached XP level 12. HP: 114/122 MP: 18/20
   750 | D        | Killed a red devil
   762 | D        | Entered arena 13.
   762 | D        | Noticed a raiju
   763 | D        | Noticed an iron imp
   763 | D        | Noticed a large abomination
   763 | D        | Noticed a quasit
   763 | D        | Noticed a quasit
   764 | D        | Noticed an eidolon
   764 | D        | Noticed a tentacled starspawn
   765 | D        | Noticed a shadow
   766 | D        | Noticed a thrashing horror
   768 | D        | Killed a quasit
   769 | D        | Killed an eidolon
   771 | D        | Killed a thrashing horror
   771 | D        | Killed a quasit
   772 | D        | Killed a raiju
   773 | D        | Killed a tentacled starspawn
   773 | D        | Reached skill level 18 in Axes
   773 | D        | Reached skill level 5 in Dodging
   775 | D        | Killed a shadow
   776 | D        | Killed an iron imp
   781 | D        | Killed a large abomination
   807 | D        | Got the ring of Royalty {Ice Str+3}
   834 | D        | Got the ring of Oraofuc {+Fly rC+ rN+++ Stlth+}
   848 | D        | Entered arena 14.
   848 | D        | Noticed a vampire
   851 | D        | Noticed a tormentor
   851 | D        | Noticed a hell hound
   851 | D        | Noticed a hell knight
   851 | D        | Noticed a shadow
   851 | D        | Noticed a flayed ghost
   851 | D        | Noticed a balrug
   852 | D        | Noticed a necrophage
   852 | D        | Killed a shadow
   853 | D        | Noticed a wight
   853 | D        | Killed a vampire
   853 | D        | Killed a hell hound
   857 | D        | Killed a balrug
   858 | D        | Killed a tormentor
   859 | D        | Killed a necrophage
   861 | D        | Killed a flayed ghost
   863 | D        | Killed a hell knight
   865 | D        | Killed a wight
   879 | D        | Got the ring of the Iron Devil {rF+ MR+}
   891 | D        | Got the ring of Qaemoxe {rC+++ MR- Stlth+}
   904 | D        | Got the amulet of Xoeg {Clar rF+ Stlth+}
   909 | D        | Got the +4 pair of boots of the Ward {Str-3 Int+2 Dex+3}
   915 | D        | Entered arena 15.
   916 | D        | Noticed a slime creature
   916 | D        | Noticed a slime creature
   916 | D        | Noticed a great orb of eyes
   916 | D        | Noticed an acid blob
   916 | D        | Noticed an acid blob
   916 | D        | Noticed a slime creature
   916 | D        | Noticed a death ooze
   918 | D        | Noticed an azure jelly
   918 | D        | Noticed a golden eye
   918 | D        | Noticed a slime creature
   918 | D        | Noticed a slime creature
   923 | D        | Killed an acid blob
   925 | D        | Killed a death ooze
   925 | D        | Reached skill level 19 in Axes
   926 | D        | Killed an acid blob
   926 | D        | Killed a golden eye
   927 | D        | Killed an azure jelly
   927 | D        | Reached XP level 13. HP: 132/132 MP: 20/22
   927 | D        | Killed a great orb of eyes
   927 | D        | Reached skill level 20 in Axes
   927 | D        | Killed a slime creature
   928 | D        | Killed a slime creature
   928 | D        | Killed a slime creature
   929 | D        | Killed a slime creature
   930 | D        | Killed a slime creature
   936 | D        | Got the ring of Zottiagu {Fire Int+5}
   944 | D        | Entered arena 16.
   945 | D        | Noticed a wolf
   948 | D        | Killed a wolf
   950 | D        | Noticed a hornet
   950 | D        | Noticed a satyr
   950 | D        | Noticed a spriggan berserker
   950 | D        | Noticed a spriggan air mage
   950 | D        | Noticed a dire elephant
   950 | D        | Noticed a hornet
   950 | D        | Noticed a spriggan air mage
   951 | D        | Noticed a shambling mangrove
   951 | D        | Noticed a spriggan druid
   951 | D        | Noticed a dryad
   951 | D        | Noticed an anaconda
   952 | D        | Noticed a dryad
   952 | D        | Noticed a spriggan berserker
   955 | D        | Killed a hornet
   955 | D        | Killed a hornet
   955 | D        | Reached skill level 10 in Dodging
   959 | D        | Killed a spriggan berserker
   967 | D        | Killed an anaconda
   967 | D        | Killed a dire elephant
   968 | D        | Killed a spriggan berserker
   970 | D        | Killed a spriggan air mage
   974 | D        | Killed a spriggan druid
   974 | D        | Reached skill level 21 in Axes
   975 | D        | Killed a spriggan air mage
   977 | D        | Killed a shambling mangrove
   979 | D        | Killed a dryad
   986 | D        | Killed a dryad
   989 | D        | Killed a satyr
  1002 | D        | Got the ring "Qoupsifu" {rC+ Str+2 Dex+2}
  1010 | D        | Entered arena 17.
  1010 | D        | Noticed a swamp dragon
  1012 | D        | Noticed a fire dragon
  1012 | D        | Noticed a fire dragon
  1012 | D        | Noticed a death drake
  1012 | D        | Noticed a wyvern
  1012 | D        | Noticed a fire drake
  1012 | D        | Noticed an ice dragon
  1012 | D        | Noticed a seven-headed hydra
  1013 | D        | Noticed a mottled dragon
  1013 | D        | Noticed an ice dragon
  1013 | D        | Noticed an ice dragon
  1013 | D        | Noticed a steam dragon
  1013 | D        | Noticed an ice dragon
  1013 | D        | Noticed an ice dragon
  1014 | D        | Noticed a swamp dragon
  1016 | D        | Noticed a steam dragon
  1019 | D        | Killed a fire drake
  1019 | D        | Reached skill level 15 in Invocations
  1020 | D        | Killed a fire dragon
  1021 | D        | Killed a death drake
  1023 | D        | Killed an ice dragon
  1025 | D        | Killed a fire dragon
  1025 | D        | Killed a wyvern
  1028 | D        | Killed an 11-headed hydra
  1028 | D        | Reached skill level 22 in Axes
  1028 | D        | Killed a swamp dragon
  1028 | D        | Killed a steam dragon
  1029 | D        | Killed an ice dragon
  1030 | D        | Killed an ice dragon
  1030 | D        | Killed a mottled dragon
  1031 | D        | Killed a steam dragon
  1034 | D        | Killed an ice dragon
  1034 | D        | Killed a swamp dragon
  1035 | D        | Killed an ice dragon
  1050 | D        | Entered arena 18.
  1053 | D        | Noticed Snorg
  1053 | D        | Noticed Agnes
  1053 | D        | Noticed Roxanne
  1053 | D        | Noticed Crazy Yiuf
  1053 | D        | Noticed Nergalle
  1053 | D        | Noticed Joseph
  1054 | D        | Noticed Aizul
  1054 | D        | Noticed Frances
  1054 | D        | Noticed Polyphemus
  1055 | D        | Noticed Rupert
  1055 | D        | Noticed Grum
  1055 | D        | Noticed Louise
  1056 | D        | Noticed Harold
  1057 | D        | Noticed Maud
  1058 | D        | Noticed Psyche
  1062 | D        | Killed Agnes
  1065 | D        | Killed Nergalle
  1065 | D        | Reached XP level 14. HP: 102/147 MP: 24/24
  1067 | D        | Killed Harold
  1071 | D        | Killed Snorg
  1074 | D        | Killed Joseph
  1075 | D        | Killed Polyphemus
  1075 | D        | Reached skill level 23 in Axes
  1075 | D        | Killed Aizul
  1077 | D        | Killed Louise
  1077 | D        | Killed Psyche
  1078 | D        | Killed Frances
  1081 | D        | Killed Maud
  1082 | D        | Killed Rupert
  1085 | D        | Killed Crazy Yiuf
  1085 | D        | Killed Grum
  1097 | D        | Killed Roxanne
  1185 | D        | Got the ring of Opagra {+Blink +Inv +Fly Str-3 Stlth+}
  1187 | D        | Entered arena 19.
  1291 | D        | Noticed a centaur warrior
  1291 | D        | Noticed a yaktaur captain
  1291 | D        | Noticed a centaur
  1291 | D        | Noticed a cyclops
  1291 | D        | Noticed a centaur warrior
  1291 | D        | Noticed a cyclops
  1291 | D        | Noticed a yaktaur
  1291 | D        | Noticed a centaur
  1291 | D        | Noticed a centaur warrior
  1291 | D        | Noticed a cyclops
  1292 | D        | Noticed a cyclops
  1293 | D        | Noticed a yaktaur
  1293 | D        | Noticed a deep elf master archer
  1293 | D        | Noticed a centaur
  1293 | D        | Noticed a deep elf master archer
  1294 | D        | Noticed a yaktaur captain
  1295 | D        | Noticed a deep elf master archer
  1295 | D        | Noticed a cyclops
  1296 | D        | Noticed a centaur
  1296 | D        | Noticed a centaur
  1298 | D        | Noticed a yaktaur captain
  1299 | D        | Noticed a cyclops
  1299 | D        | Killed a cyclops
  1300 | D        | Killed a centaur warrior
  1301 | D        | Killed a yaktaur
  1302 | D        | Killed a yaktaur captain
  1302 | D        | Killed a centaur warrior
  1302 | D        | Killed a centaur
  1303 | D        | Killed a centaur warrior
  1303 | D        | Killed a centaur
  1303 | D        | Killed a centaur
  1303 | D        | Killed a centaur
  1304 | D        | Killed a centaur
  1305 | D        | Killed a deep elf master archer
  1310 | D        | Killed a yaktaur captain
  1311 | D        | Killed a cyclops
  1311 | D        | Reached skill level 15 in Dodging
  1312 | D        | Killed a cyclops
  1313 | D        | Killed a deep elf master archer
  1313 | D        | Reached skill level 24 in Axes
  1315 | D        | Killed a yaktaur captain
  1316 | D        | Killed a cyclops
  1317 | D        | Killed a cyclops
  1318 | D        | Killed a deep elf master archer
  1319 | D        | Killed a cyclops
  1321 | D        | Killed a yaktaur
  1339 | D        | Entered arena 20.
  1347 | D        | Noticed a mottled draconian caller
  1347 | D        | Noticed a white draconian
  1347 | D        | Noticed a green draconian
  1348 | D        | Noticed a white draconian caller
  1348 | D        | Noticed a black draconian
  1348 | D        | Noticed a black draconian
  1348 | D        | Noticed a purple draconian
  1348 | D        | Noticed a yellow draconian
  1349 | D        | Noticed a purple draconian caller
  1349 | D        | Noticed a purple draconian
  1349 | D        | Noticed a red draconian
  1349 | D        | Noticed a yellow draconian
  1349 | D        | Noticed a purple draconian
  1349 | D        | Noticed a mottled draconian annihilator
  1349 | D        | Noticed a yellow draconian
  1349 | D        | Noticed a red draconian monk
  1349 | D        | Noticed a red draconian
  1349 | D        | Noticed a green draconian scorcher
  1349 | D        | Noticed a white draconian
  1349 | D        | Noticed a mottled draconian monk
  1349 | D        | Noticed a black draconian
  1350 | D        | Identified a +6 rod of the swarm (7/12)
  1351 | D        | Noticed a black draconian
  1351 | D        | Noticed a black draconian
  1355 | D        | Noticed a mottled draconian
  1357 | D        | Noticed a black draconian
  1357 | D        | Killed a white draconian caller
  1357 | D        | Killed a mottled draconian caller
  1360 | D        | Killed a green draconian scorcher
  1361 | D        | Noticed a storm dragon
  1361 | D        | Killed a white draconian
  1361 | D        | Reached XP level 15. HP: 160/160 MP: 25/27
  1363 | D        | Killed a yellow draconian
  1365 | D        | Killed a purple draconian caller
  1367 | D        | Killed a black draconian
  1369 | D        | Killed a white draconian
  1372 | D        | Killed a black draconian
  1374 | D        | Killed a green draconian
  1376 | D        | Killed a red draconian monk
  1377 | D        | Killed a purple draconian
  1378 | D        | Killed a red draconian
  1380 | D        | Killed a black draconian
  1380 | D        | Reached skill level 25 in Axes
  1381 | D        | Killed a black draconian
  1382 | D        | Killed a black draconian
  1384 | D        | Killed a mottled draconian monk
  1385 | D        | Killed a black draconian
  1387 | D        | Killed a mottled draconian
  1390 | D        | Killed a purple draconian
  1391 | D        | Killed a yellow draconian
  1393 | D        | Killed a red draconian
  1395 | D        | Killed a purple draconian
  1399 | D        | Killed a mottled draconian annihilator
  1400 | D        | Killed a yellow draconian
  1439 | D        | Entered arena 21.
  1446 | D        | Noticed a cyclops
  1446 | D        | Noticed a stone giant
  1446 | D        | Noticed an ettin
  1446 | D        | Noticed a fire giant
  1446 | D        | Noticed a stone giant
  1446 | D        | Noticed a fire giant
  1446 | D        | Noticed a fire giant
  1446 | D        | Noticed a titan
  1446 | D        | Noticed a frost giant
  1447 | D        | Noticed a fire giant
  1447 | D        | Noticed a stone giant
  1447 | D        | Noticed a fire giant
  1447 | D        | Noticed a frost giant
  1447 | D        | Noticed a titan
  1447 | D        | Noticed a frost giant
  1447 | D        | Noticed an ettin
  1447 | D        | Noticed a hill giant
  1447 | D        | Noticed a stone giant
  1448 | D        | Noticed an ettin
  1448 | D        | Noticed a frost giant
  1448 | D        | Noticed a frost giant
  1448 | D        | Noticed an ettin
  1448 | D        | Noticed a hill giant
  1448 | D        | Noticed a hill giant
  1448 | D        | Noticed an ettin
  1448 | D        | Noticed a cyclops
  1449 | D        | Noticed a titan
  1449 | D        | Noticed a hill giant
  1449 | D        | Noticed a titan
  1453 | D        | Killed a fire giant
  1454 | D        | Killed a titan
  1455 | D        | Killed a fire giant
  1456 | D        | Killed a frost giant
  1458 | D        | Killed a stone giant
  1459 | D        | Killed a fire giant
  1459 | D        | Killed a fire giant
  1459 | D        | Killed an ettin
  1460 | D        | Killed an ettin
  1460 | D        | Killed a stone giant
  1462 | D        | Killed a titan
  1462 | D        | Reached skill level 26 in Axes
  1463 | D        | Killed a frost giant
  1464 | D        | Killed a fire giant
  1464 | D        | Killed a stone giant
  1465 | D        | Killed an ettin
  1465 | D        | Killed a stone giant
  1468 | D        | Killed a titan
  1469 | D        | Killed a frost giant
  1469 | D        | Reached XP level 16. HP: 134/174 MP: 27/29
  1469 | D        | Killed an ettin
  1470 | D        | Killed a hill giant
  1470 | D        | Reached skill level 1 in Evocations
  1472 | D        | Killed a titan
  1472 | D        | Killed a frost giant
  1473 | D        | Killed a hill giant
  1473 | D        | Killed an ettin
  1474 | D        | Killed a hill giant
  1477 | D        | Killed a frost giant
  1477 | D        | Reached skill level 5 in Evocations
  1478 | D        | Killed a hill giant
  1480 | D        | Killed a cyclops
  1481 | D        | Killed a cyclops
  1497 | D        | Got the +2 pair of gloves of Juoxt {rPois rN+ Dex+3 Stlth-}
  1519 | D        | Entered arena 22.
  1528 | D        | Noticed a ghoul
  1528 | D        | Noticed a ghoul
  1528 | D        | Noticed a soul eater
  1528 | D        | Noticed a ghoul
  1528 | D        | Noticed a shadow dragon
  1529 | D        | Noticed a flying skull
  1529 | D        | Noticed a soul eater
  1529 | D        | Noticed a shadow dragon
  1529 | D        | Noticed a soul eater
  1529 | D        | Noticed a shadow demon
  1529 | D        | Noticed a skeletal warrior
  1529 | D        | Noticed a soul eater
  1529 | D        | Noticed a shadow dragon
  1530 | D        | Noticed a soul eater
  1530 | D        | Noticed a Shadow Fiend
  1530 | D        | Noticed a soul eater
  1531 | D        | Noticed a soul eater
  1532 | D        | Noticed a reaper
  1535 | D        | Killed a flying skull
  1540 | D        | Killed a ghoul
  1541 | D        | Killed a soul eater
  1542 | D        | Killed a soul eater
  1543 | D        | Killed a ghoul
  1544 | D        | Killed a ghoul
  1546 | D        | Killed a shadow demon
  1547 | D        | Killed a soul eater
  1549 | D        | Killed a shadow dragon
  1549 | D        | Reached skill level 27 in Axes
  1552 | D        | Killed a Shadow Fiend
  1552 | D        | Killed a soul eater
  1554 | D        | Killed a shadow dragon
  1555 | D        | Killed a skeletal warrior
  1558 | D        | Killed a soul eater
  1559 | D        | Killed a shadow dragon
  1560 | D        | Killed a soul eater
  1560 | D        | Reached skill level 10 in Evocations
  1562 | D        | Killed a soul eater
  1567 | D        | Killed a reaper
  1582 | D        | Got the +5 cloak "Eferch" {rElec rCorr}
  1613 | D        | Entered arena 23.
  1620 | D        | Noticed a deep elf summoner
  1620 | D        | Noticed a deep elf knight
  1620 | D        | Noticed a deep elf fighter
  1620 | D        | Noticed a deep elf high priest
  1620 | D        | Noticed a deep elf priest
  1620 | D        | Noticed a deep elf mage
  1620 | D        | Noticed a deep elf high priest
  1620 | D        | Noticed a deep elf mage
  1620 | D        | Noticed a deep elf master archer
  1620 | D        | Noticed a deep elf sorcerer
  1620 | D        | Noticed a deep elf annihilator
  1620 | D        | Noticed a deep elf blademaster
  1620 | D        | Noticed a deep elf master archer
  1620 | D        | Noticed a deep elf conjurer
  1620 | D        | Noticed a deep elf master archer
  1621 | D        | Killed a deep elf mage
  1622 | D        | Noticed a deep elf fighter
  1622 | D        | Noticed a deep elf sorcerer
  1622 | D        | Noticed a deep elf blademaster
  1622 | D        | Noticed a deep elf master archer
  1623 | D        | Noticed a deep elf master archer
  1623 | D        | Noticed a deep elf fighter
  1623 | D        | Noticed a deep elf blademaster
  1623 | D        | Noticed a deep elf high priest
  1625 | D        | Noticed a deep elf blademaster
  1625 | D        | Noticed a deep elf sorcerer
  1625 | D        | Noticed a deep elf fighter
  1626 | D        | Noticed a deep elf mage
  1626 | D        | Noticed a deep elf priest
  1626 | D        | Noticed a deep elf sorcerer
  1626 | D        | Killed a deep elf high priest
  1626 | D        | Noticed a deep elf blademaster
  1627 | D        | Killed a deep elf summoner
  1628 | D        | Noticed a deep elf annihilator
  1628 | D        | Noticed a deep elf high priest
  1628 | D        | Noticed a deep elf blademaster
  1628 | D        | Noticed a deep elf annihilator
  1629 | D        | Noticed a deep elf mage
  1629 | D        | Noticed a deep elf high priest
  1629 | D        | Noticed a deep elf sorcerer
  1629 | D        | Killed a deep elf fighter
  1633 | D        | Noticed a deep elf master archer
  1633 | D        | Noticed a deep elf priest
  1633 | D        | Killed a deep elf blademaster
  1636 | D        | Killed a deep elf blademaster
  1637 | D        | Killed a deep elf blademaster
  1637 | D        | Killed a deep elf fighter
  1637 | D        | Killed a deep elf sorcerer
  1643 | D        | Killed a deep elf master archer
  1644 | D        | Killed a deep elf blademaster
  1644 | D        | Killed a deep elf blademaster
  1646 | D        | Killed a deep elf priest
  1648 | D        | Killed a deep elf master archer
  1649 | D        | Killed a deep elf priest
  1649 | D        | Killed a deep elf mage
  1650 | D        | Killed a deep elf annihilator
  1651 | D        | Killed a deep elf blademaster
  1652 | D        | Killed a deep elf sorcerer
  1653 | D        | Killed a deep elf sorcerer
  1653 | D        | Reached XP level 17. HP: 189/189 MP: 29/31
  1655 | D        | Killed a deep elf master archer
  1655 | D        | Killed a deep elf mage
  1658 | D        | Killed a deep elf master archer
  1658 | D        | Reached skill level 15 in Evocations
  1660 | D        | Killed a deep elf master archer
  1662 | D        | Killed a deep elf conjurer
  1662 | D        | Killed a deep elf knight
  1664 | D        | Killed a deep elf annihilator
  1664 | D        | Killed a deep elf priest
  1664 | D        | Killed a deep elf sorcerer
  1665 | D        | Killed a deep elf fighter
  1668 | D        | Killed a deep elf mage
  1669 | D        | Killed a deep elf high priest
  1670 | D        | Killed a deep elf master archer
  1670 | D        | Reached skill level 27 in Armour
  1674 | D        | Killed a deep elf high priest
  1674 | D        | Killed a deep elf high priest
  1674 | D        | Reached skill level 27 in Fighting
  1675 | D        | Killed a deep elf high priest
  1678 | D        | Killed a deep elf annihilator
  1679 | D        | Killed a deep elf fighter
  1684 | D        | Killed a deep elf sorcerer
  1726 | D        | Entered arena 24.
  1734 | D        | Noticed a deep elf high priest
  1734 | D        | Noticed a deep elf sorcerer
  1734 | D        | Noticed a deep elf master archer
  1734 | D        | Noticed a deep elf annihilator
  1734 | D        | Noticed a deep elf fighter
  1734 | D        | Noticed a deep elf summoner
  1734 | D        | Noticed a deep elf summoner
  1734 | D        | Noticed a deep elf conjurer
  1734 | D        | Noticed a deep elf sorcerer
  1734 | D        | Noticed a deep elf high priest
  1734 | D        | Noticed a deep elf blademaster
  1734 | D        | Noticed a deep elf annihilator
  1734 | D        | Noticed a deep elf blademaster
  1735 | D        | Noticed a deep elf master archer
  1735 | D        | Noticed a deep elf annihilator
  1735 | D        | Noticed a deep elf high priest
  1735 | D        | Noticed a deep elf blademaster
  1735 | D        | Noticed a deep elf summoner
  1735 | D        | Noticed a deep elf high priest
  1735 | D        | Noticed a deep elf blademaster
  1735 | D        | Noticed a deep elf blademaster
  1736 | D        | Noticed a deep elf master archer
  1737 | D        | Noticed a deep elf annihilator
  1737 | D        | Noticed a deep elf blademaster
  1737 | D        | Noticed a deep elf master archer
  1737 | D        | Noticed a deep elf high priest
  1737 | D        | Noticed a deep elf sorcerer
  1737 | D        | Noticed a deep elf fighter
  1737 | D        | Noticed a deep elf high priest
  1737 | D        | Killed a deep elf annihilator
  1738 | D        | Noticed a deep elf annihilator
  1738 | D        | Noticed a deep elf conjurer
  1738 | D        | Noticed a deep elf annihilator
  1738 | D        | Noticed a deep elf conjurer
  1738 | D        | Noticed a deep elf annihilator
  1738 | D        | Noticed a deep elf high priest
  1739 | D        | Noticed a deep elf conjurer
  1739 | D        | Noticed a deep elf high priest
  1739 | D        | Noticed a deep elf sorcerer
  1739 | D        | Noticed a deep elf knight
  1739 | D        | Noticed a deep elf mage
  1740 | D        | Noticed a deep elf high priest
  1740 | D        | Noticed a deep elf master archer
  1740 | D        | Noticed a deep elf summoner
  1740 | D        | Noticed a deep elf annihilator
  1740 | D        | Noticed a deep elf fighter
  1742 | D        | Killed a deep elf blademaster
  1743 | D        | Killed a deep elf high priest
  1744 | D        | Killed a deep elf blademaster
  1744 | D        | Killed a deep elf annihilator
  1744 | D        | Killed a deep elf high priest
  1746 | D        | Killed a deep elf blademaster
  1748 | D        | Killed a deep elf master archer
  1749 | D        | Killed a deep elf blademaster
  1749 | D        | Killed a deep elf master archer
  1749 | D        | Killed a deep elf master archer
  1752 | D        | Killed a deep elf sorcerer
  1753 | D        | Killed a deep elf blademaster
  1753 | D        | Killed a deep elf master archer
  1753 | D        | Killed a deep elf blademaster
  1754 | D        | Killed a deep elf annihilator
  1754 | D        | Killed a deep elf high priest
  1755 | D        | Killed a deep elf sorcerer
  1755 | D        | Killed a deep elf conjurer
  1757 | D        | Killed a deep elf fighter
  1759 | D        | Killed a deep elf sorcerer
  1759 | D        | Killed a deep elf knight
  1760 | D        | Killed a deep elf annihilator
  1760 | D        | Killed a deep elf sorcerer
  1762 | D        | Killed a deep elf master archer
  1763 | D        | Killed a deep elf mage
  1764 | D        | Killed a deep elf conjurer
  1765 | D        | Killed a deep elf high priest
  1766 | D        | Killed a deep elf high priest
  1767 | D        | Killed a deep elf annihilator
  1768 | D        | Killed a deep elf conjurer
  1768 | D        | Killed a deep elf conjurer
  1768 | D        | Killed a deep elf annihilator
  1768 | D        | Reached XP level 18. HP: 183/200 MP: 33/33
  1769 | D        | Killed a deep elf summoner
  1769 | D        | Killed a deep elf fighter
  1769 | D        | Killed a deep elf fighter
  1769 | D        | Killed a deep elf summoner
  1772 | D        | Killed a deep elf high priest
  1772 | D        | Killed a deep elf high priest
  1773 | D        | Killed a deep elf high priest
  1776 | D        | Killed a deep elf annihilator
  1779 | D        | Killed a deep elf summoner
  1780 | D        | Killed a deep elf summoner
  1781 | D        | Killed a deep elf high priest
  1783 | D        | Killed a deep elf annihilator
  1817 | D        | Entered arena 25.
  1826 | D        | Noticed a shard shrike
  1826 | D        | Noticed a hornet
  1827 | D        | Noticed a tarantella
  1827 | D        | Noticed a juggernaut
  1827 | D        | Noticed a shard shrike
  1827 | D        | Noticed a ghost crab
  1827 | D        | Noticed a lindwurm
  1827 | D        | a lindwurm changed into a death drake
  1828 | D        | Noticed a snapping turtle
  1828 | D        | Noticed a spiny frog
  1829 | D        | Noticed a swamp dragon
  1829 | D        | a snapping turtle changed into an elephant
  1829 | D        | Noticed a juggernaut
  1829 | D        | a shard shrike changed into a juggernaut
  1829 | D        | a ghost crab changed into a glowing shapeshifter
  1830 | D        | Noticed a black bear
  1830 | D        | Noticed a hog
  1831 | D        | Noticed a shard shrike
  1831 | D        | a swamp dragon changed into a hornet
  1831 | D        | a juggernaut changed into an iron dragon
  1832 | D        | Noticed a fire drake
  1832 | D        | a juggernaut changed into an iron dragon
  1834 | D        | Noticed a shard shrike
  1834 | D        | Killed a shard shrike
  1834 | D        | a shard shrike changed into a titan
  1835 | D        | a shard shrike changed into a titan
  1837 | D        | Noticed a caustic shrike
  1837 | D        | an acid blob changed into a caustic shrike
  1838 | D        | Noticed a juggernaut
  1838 | D        | a titan changed into a juggernaut
  1838 | D        | a hog changed into a troll
  1839 | D        | Killed a tarantella
  1839 | D        | a caustic shrike changed into a titan
  1841 | D        | Noticed a shard shrike
  1841 | D        | a juggernaut changed into a shard shrike
  1842 | D        | Killed a hornet
  1842 | D        | Killed a spiny frog
  1842 | D        | Killed a fire drake
  1842 | D        | Noticed a shard shrike
  1842 | D        | a titan changed into a shard shrike
  1843 | D        | Noticed a juggernaut
  1844 | D        | Noticed a juggernaut
  1844 | D        | a shard shrike changed into a juggernaut
  1844 | D        | a juggernaut changed into an acid blob
  1846 | D        | Killed a shard shrike
  1847 | D        | Killed a black bear
  1848 | D        | Noticed a shard shrike
  1848 | D        | a juggernaut changed into a shard shrike
  1851 | D        | Noticed a golden dragon
  1851 | D        | an acid blob changed into a golden dragon
  1852 | D        | a shard shrike changed into a titan
  1858 | D        | a golden dragon changed into a stone giant
  1874 | D        | Reached skill level 27 in Invocations
  1927 | D        | Entered arena 26.
  1935 | D        | Noticed an iron golem
  1935 | D        | Noticed a stone giant
  1935 | D        | Noticed an earth elemental
  1935 | D        | Noticed a quicksilver dragon
  1935 | D        | Noticed an earth elemental
  1936 | D        | Noticed an iron golem
  1936 | D        | Noticed a crystal guardian
  1936 | D        | Noticed a quicksilver dragon
  1936 | D        | Noticed a quicksilver dragon
  1936 | D        | Noticed a stone giant
  1936 | D        | Noticed a crystal guardian
  1936 | D        | Noticed a crystal guardian
  1936 | D        | Noticed an earth elemental
  1936 | D        | Noticed an iron dragon
  1936 | D        | Noticed an iron golem
  1936 | D        | Noticed a gargoyle
  1936 | D        | Noticed an iron golem
  1936 | D        | Noticed a quicksilver dragon
  1936 | D        | Noticed an iron dragon
  1936 | D        | Noticed a crystal guardian
  1937 | D        | Noticed an iron dragon
  1937 | D        | Noticed a quicksilver dragon
  1937 | D        | Noticed an iron dragon
  1937 | D        | Noticed a stone giant
  1938 | D        | Noticed a stone giant
  1938 | D        | Noticed a stone giant
  1938 | D        | Noticed an iron dragon
  1938 | D        | Noticed a crystal guardian
  1938 | D        | Noticed an iron golem
  1938 | D        | Noticed an iron golem
  1939 | D        | Noticed a crystal guardian
  1939 | D        | Noticed a stone giant
  1939 | D        | Noticed a stone giant
  1939 | D        | Noticed a crystal guardian
  1943 | D        | Noticed a quicksilver dragon
  1943 | D        | Killed a gargoyle
  1945 | D        | Noticed a stone giant
  1945 | D        | Noticed a crystal guardian
  1946 | D        | Killed a crystal guardian
  1947 | D        | Noticed an earth elemental
  1947 | D        | Noticed a gargoyle
  1947 | D        | Noticed a stone giant
  1947 | D        | Noticed a gargoyle
  1947 | D        | Killed a quicksilver dragon
  1948 | D        | Noticed a quicksilver dragon
  1948 | D        | Noticed a quicksilver dragon
  1948 | D        | Noticed an iron dragon
  1948 | D        | Noticed a stone giant
  1948 | D        | Noticed a quicksilver dragon
  1948 | D        | Noticed a quicksilver dragon
  1949 | D        | Noticed an earth elemental
  1949 | D        | Killed a quicksilver dragon
  1950 | D        | Killed a stone giant
  1953 | D        | Killed an iron golem
  1954 | D        | Noticed a crystal guardian
  1954 | D        | Noticed an iron golem
  1954 | D        | Noticed an earth elemental
  1954 | D        | Noticed an earth elemental
  1954 | D        | Noticed a stone giant
  1954 | D        | Noticed an earth elemental
  1954 | D        | Noticed a crystal guardian
  1955 | D        | Noticed an earth elemental
  1955 | D        | Killed a stone giant
  1956 | D        | Killed a stone giant
  1956 | D        | Killed a stone giant
  1957 | D        | Killed a crystal guardian
  1958 | D        | Killed a stone giant
  1963 | D        | Killed a quicksilver dragon
  1963 | D        | Killed a quicksilver dragon
  1964 | D        | Killed an iron dragon
  1965 | D        | Killed an iron golem
  1965 | D        | Killed a crystal guardian
  1966 | D        | Killed a crystal guardian
  1966 | D        | Killed a quicksilver dragon
  1966 | D        | Killed an iron dragon
  1967 | D        | Killed a crystal guardian
  1968 | D        | Killed a stone giant
  1968 | D        | Killed a gargoyle
  1968 | D        | Killed a stone giant
  1969 | D        | Killed a quicksilver dragon
  1970 | D        | Killed a stone giant
  1970 | D        | Reached XP level 19. HP: 207/207 MP: 35/35
  1970 | D        | Killed a quicksilver dragon
  1971 | D        | Killed an iron golem
  1971 | D        | Killed a crystal guardian
  1972 | D        | Killed a quicksilver dragon
  1973 | D        | Killed an earth elemental
  1974 | D        | Killed a stone giant
  1975 | D        | Killed an iron dragon
  1976 | D        | Killed a quicksilver dragon
  1977 | D        | Killed a stone giant
  1977 | D        | Killed an earth elemental
  1977 | D        | Killed an earth elemental
  1978 | D        | Killed a stone giant
  1981 | D        | Killed an iron dragon
  1982 | D        | Killed an iron golem
  1982 | D        | Killed a crystal guardian
  1983 | D        | Killed an iron dragon
  1983 | D        | Killed an iron golem
  1983 | D        | Killed an earth elemental
  1985 | D        | Killed a crystal guardian
  1985 | D        | Killed an earth elemental
  1986 | D        | Killed an iron golem
  1987 | D        | Killed a quicksilver dragon
  1989 | D        | Killed a gargoyle
  1990 | D        | Killed an iron dragon
  1991 | D        | Killed a crystal guardian
  1991 | D        | Killed an earth elemental
  1991 | D        | Killed an earth elemental
  1992 | D        | Killed an iron golem
  1994 | D        | Killed an earth elemental
  1995 | D        | Killed a crystal guardian
  1995 | D        | Killed an earth elemental
  2033 | D        | Entered arena 27.
  2041 | D        | Noticed a deep elf summoner
  2042 | D        | Noticed a deep elf master archer
  2042 | D        | Noticed a deep elf conjurer
  2042 | D        | Noticed a deep elf mage
  2042 | D        | Noticed a deep elf high priest
  2042 | D        | Noticed a deep elf high priest
  2042 | D        | Noticed a deep elf annihilator
  2042 | D        | Noticed a deep elf fighter
  2042 | D        | Noticed a deep elf high priest
  2042 | D        | Noticed a kraken
  2042 | D        | Noticed a deep elf annihilator
  2043 | D        | Noticed a blink frog
  2043 | D        | Noticed a deep elf blademaster
  2043 | D        | Noticed a deep elf master archer
  2043 | D        | Noticed a deep elf fighter
  2043 | D        | Noticed a deep elf summoner
  2043 | D        | Noticed a deep elf high priest
  2043 | D        | Noticed a deep elf master archer
  2043 | D        | Noticed a deep elf annihilator
  2043 | D        | Noticed a deep elf sorcerer
  2043 | D        | Noticed a deep elf summoner
  2043 | D        | Noticed a deep elf blademaster
  2043 | D        | Noticed a kraken
  2043 | D        | Noticed a deep elf mage
  2043 | D        | Noticed a deep elf sorcerer
  2043 | D        | Noticed a kraken
  2043 | D        | Noticed a deep elf sorcerer
  2043 | D        | Noticed an orc sorcerer
  2043 | D        | Noticed a deep elf mage
  2044 | D        | Noticed a deep elf annihilator
  2044 | D        | Noticed a deep elf conjurer
  2044 | D        | Noticed a deep elf fighter
  2044 | D        | Noticed a deep elf knight
  2044 | D        | Noticed a kraken
  2044 | D        | Noticed a deep elf annihilator
  2044 | D        | Noticed a deep elf fighter
  2044 | D        | Noticed a deep elf summoner
  2044 | D        | Noticed a deep elf blademaster
  2044 | D        | Noticed a deep elf conjurer
  2044 | D        | Noticed a deep elf annihilator
  2045 | D        | Noticed a deep elf high priest
  2045 | D        | Noticed a deep elf annihilator
  2045 | D        | Noticed a deep elf conjurer
  2045 | D        | Noticed a deep elf mage
  2045 | D        | Noticed a deep elf sorcerer
  2045 | D        | Noticed a deep elf sorcerer
  2045 | D        | Noticed a deep elf fighter
  2045 | D        | Noticed a kraken
  2045 | D        | Noticed a deep elf conjurer
  2045 | D        | Noticed a deep elf knight
  2045 | D        | Noticed a deep elf high priest
  2045 | D        | Noticed a deep elf sorcerer
  2045 | D        | Noticed a kraken
  2045 | D        | Noticed a deep elf blademaster
  2045 | D        | Noticed a deep elf sorcerer
  2045 | D        | Noticed a deep elf summoner
  2045 | D        | Noticed a deep elf high priest
  2047 | D        | Killed a blink frog
  2047 | D        | Killed a deep elf conjurer
  2048 | D        | Noticed a deep elf fighter
  2049 | D        | Noticed a deep elf conjurer
  2049 | D        | Killed a deep elf master archer
  2050 | D        | Noticed a deep elf fighter
  2051 | D        | Killed a deep elf high priest
  2052 | D        | Killed a deep elf blademaster
  2057 | D        | Killed a deep elf sorcerer
  2057 | D        | Killed a deep elf fighter
  2057 | D        | Reached skill level 27 in Evocations
  2057 | D        | Identified a +6 rod of the swarm (9/14)
  2058 | D        | Killed a deep elf high priest
  2059 | D        | Noticed a deep elf fighter
  2059 | D        | Killed a deep elf blademaster
  2060 | D        | Killed a deep elf sorcerer
  2060 | D        | Killed a deep elf sorcerer
  2061 | D        | Killed a deep elf annihilator
  2061 | D        | Killed a deep elf fighter
  2061 | D        | Reached skill level 27 in Dodging
  2062 | D        | Killed a deep elf annihilator
  2064 | D        | Killed a deep elf sorcerer
  2064 | D        | Reached skill level 27 in Shields
  2064 | D        | Reached skill level 1 in Throwing
  2064 | D        | Killed a deep elf fighter
  2065 | D        | Killed a deep elf mage
  2066 | D        | Killed a deep elf summoner
  2067 | D        | Killed a deep elf sorcerer
  2067 | D        | Reached skill level 5 in Throwing
  2070 | D        | Killed a deep elf blademaster
  2071 | D        | Killed a deep elf master archer
  2071 | D        | Reached skill level 10 in Throwing
  2072 | D        | Killed a deep elf master archer
  2073 | D        | Killed a deep elf sorcerer
  2073 | D        | Killed a deep elf blademaster
  2076 | D        | Killed a deep elf high priest
  2076 | D        | Killed a deep elf sorcerer
  2076 | D        | Killed an orc sorcerer
  2077 | D        | Killed a deep elf annihilator
  2077 | D        | Killed a deep elf high priest
  2078 | D        | Killed a deep elf high priest
  2078 | D        | Killed a deep elf knight
  2079 | D        | Killed a deep elf mage
  2079 | D        | Reached skill level 15 in Throwing
  2079 | D        | Killed a deep elf summoner
  2079 | D        | Killed a deep elf knight
  2079 | D        | Killed a deep elf annihilator
  2079 | D        | Killed a deep elf conjurer
  2079 | D        | Killed a deep elf mage
  2079 | D        | Killed a deep elf conjurer
  2079 | D        | Killed a kraken
  2080 | D        | Killed a deep elf fighter
  2080 | D        | Killed a deep elf conjurer
  2080 | D        | Killed a deep elf conjurer
  2080 | D        | Killed a deep elf high priest
  2080 | D        | Killed a deep elf conjurer
  2080 | D        | Killed a deep elf summoner
  2080 | D        | Killed a deep elf fighter
  2080 | D        | Killed a deep elf fighter
  2080 | D        | Killed a deep elf summoner
  2081 | D        | Killed a deep elf annihilator
  2082 | D        | Killed a deep elf annihilator
  2082 | D        | Killed a deep elf high priest
  2082 | D        | Killed a deep elf fighter
  2087 | D        | Killed a kraken
  2089 | D        | Killed a deep elf summoner
  2091 | D        | Killed a deep elf mage
  2093 | D        | Killed a kraken
  2095 | D        | Killed a deep elf fighter
  2097 | D        | Killed a kraken
  2104 | D        | Killed a kraken
  2109 | D        | Killed a kraken
  2120 | D        | Killed a deep elf annihilator
  2144 | D        | Got the Orb of Zot
  2149 | D        | Escaped with the Orb!

Action                   |  1- 3 |  4- 6 |  7- 9 | 10-12 | 13-15 | 16-18 | 19-21 || total
-------------------------+-------+-------+-------+-------+-------+-------+-------++-------
Melee: Broad axe         |     4 |     1 |    25 |   117 |   178 |   218 |    82 ||   625
Invok: Major Destruction |       |       |       |     5 |     4 |     7 |       ||    16
       Greater Servant o |       |       |       |       |     2 |     1 |       ||     3
Evoke: Sack of spiders   |       |       |       |     1 |       |     1 |       ||     2
       Box of beasts     |       |       |       |     1 |       |       |       ||     1
       Disc of storms    |       |       |       |       |       |     7 |     5 ||    12
       Fan of gales      |       |       |       |       |       |     1 |       ||     1
  Use: Potion            |     2 |       |     1 |       |     2 |     4 |       ||     9
       Scroll            |       |       |       |       |     1 |     4 |       ||     5
 Stab: Distracted        |       |       |       |     1 |     3 |     9 |     2 ||    15
       Paralysed         |       |       |       |     1 |     1 |       |       ||     2
  Eat: Chunk             |       |       |       |     1 |       |       |       ||     1
       Meat ration       |       |       |       |     1 |     1 |       |       ||     2
